 Dungeon Crawl Stone Soup version 0.28-a0-895-g6e5f11bd55 (webtiles) character file.

Game seed: 7925661545894327120

430 frimble the Grasshopper (level 6, -2/61 HPs)
             Began as a Troll Warper on Nov 23, 2021.
             Slain by an ogre (29 damage)
             ... on level 4 of the Dungeon.
             The game lasted 00:06:34 (3102 turns).

frimble the Grasshopper (Troll Warper)              Turns: 3102, Time: 00:06:34

Health: -2/61      AC:  4    Str: 20    XL:     6   Next: 66%
Magic:  7/7        EV: 10    Int: 11    God:
Gold:   120        SH:  0    Dex:  9    Spells: 5/7 levels left

rFire   . . .      SeeInvis .   f - +2 dagger (vamp)
rCold   + . .      Faith    .   (no shield)
rNeg    . . .      Spirit   .   b - +0 robe
rPois   .          Reflect  .   (helmet restricted)
rElec   .          Harm     .   (no cloak)
rCorr   .          Rampage  .   (gloves unavailable)
Will    .....                   (boots unavailable)
Stlth   +.........              (no amulet)
HPRegen 1.20/turn               h - ring of protection from cold
MPRegen 0.10/turn               j - ring of wizardry

@: no status effects
A: large, unfitting armour, claws 3, regeneration 1, shaggy fur 1, tough skin 1
a: no special abilities


You were on level 4 of the Dungeon.
You visited 1 branch of the dungeon, and saw 4 of its levels.

You collected 133 gold pieces.
You spent 13 gold pieces at shops.

Inventory:

Hand Weapons
 a - a +1 short sword
 f - a +2 vampiric dagger (weapon)
Missiles
 d - 5 boomerangs of dispersal
 o - 5 poisoned darts (quivered)
Armour
 b - a +0 robe (worn)
Jewellery
 h - a ring of protection from cold (left claw)
 j - a ring of wizardry (right claw)
 m - a ring of poison resistance
Wands
 k - a wand of flame (13)
Scrolls
 c - 3 scrolls of blinking
 n - a scroll of magic mapping
 p - a scroll of teleportation {unknown}
 q - a scroll of holy word {unknown}
Potions
 e - a potion of mutation {unknown}
 g - a potion of lignification {unknown}
 i - 2 potions of curing
 l - 2 potions of flight {unknown}


   Skills:
 + Level 3.2 Fighting
 + Level 3.1 Short Blades
 + Level 3.0 Throwing
 - Level 2.1 Dodging
 - Level 1.4 Spellcasting
 + Level 3.3 Translocations


You had 5 spell levels left.
You knew the following spells:

 Your Spells              Type           Power      Damage    Failure   Level
a - Blink                 Tloc           16%        N/A       4%          2

Your spell library contained the following spells:

 Spells                   Type           Power      Damage    Failure   Level
 Gell's Gravitas          Tloc           8%         N/A       10%         3
 Lesser Beckoning         Tloc           8%         N/A       10%         3
 Teleport Other           Tloc           8%         N/A       10%         3
 Slow                     Hex            0%         N/A       12%         1
 Sublimation of Blood     Necr           0%         N/A       19%         2
 Confusing Touch          Hex            0%         N/A       34%         3
 Vampiric Draining        Necr           0%         2d6       34%         3
 Manifold Assault         Tloc           8%         N/A       61%         5
 Petrify                  Tmut/Erth      0%         N/A       73%         4
 Irradiate                Conj/Tmut      0%         3d13      96%         5


Dungeon Overview and Level Annotations

Branches:
Dungeon (4/15)
 Temple: D:4-7

Altars:
Ashenzari
Elyvilon
Fedhas
Gozag
Makhleb
Vehumet
Yredelemnul

Shops:
D:2 !


Innate Abilities, Weirdness & Mutations

You are too large for most types of armour.
You have claws for hands.
Your natural rate of healing is unusually fast.
You are covered in fur. (AC +1)
You have tough skin. (AC +1)


Message History

You see here a scroll labelled KUEHIP JEGROA.
A quokka comes into view.
You see here a +0 cloak.
The quokka bites you.
You hit the quokka.
You feel better.
You kill the quokka!
You hit the ogre.
The ogre is lightly wounded.
You hit the ogre.
The ogre is moderately wounded.
The adder skeleton completely misses you.
The ogre hits you with a +0 giant spiked club!
You hit the ogre.
The ogre is moderately wounded.
You hit the ogre.
The ogre is moderately wounded.
The adder skeleton bites you but does no damage.
The ogre barely misses you.
You hit the ogre.
The ogre is heavily wounded.
The adder skeleton barely misses you.
You hit the ogre.
You feel better.
The ogre is heavily wounded.
The ogre hits you with a +0 giant spiked club!!
The adder skeleton bites you but does no damage.
You are too injured to fight recklessly!
You are too injured to fight recklessly!
You see here a +0 cloak.
You see here a scroll labelled KUEHIP JEGROA.
q - a scroll labelled KUEHIP JEGROA The adder skeleton bites you.
You hit the ogre.
You feel better.
The ogre is heavily wounded.
You hit the ogre.
The ogre is severely wounded.
You closely miss the ogre.
The ogre is severely wounded.
The ogre hits you with a +0 giant spiked club!
The ogre hits you with a +0 giant spiked club!!
You die...

#.# #.. #.# #.. ## #. #.#
#.. ..# . #.# #.# #.#)# #.#
#.# ##.#.## #.# #.# #.?...
#.# ##.## #..#.####
#.##########...#####..#.....
#..........@OZ......[.......
##########.......####.....##
#...................
##.......####.....##
##.....## #.....# ##...##
####### ##.## ###


You could see an ogre and an adder skeleton.

Vanquished Creatures
  Sigmund (D:4)
  Ijyb (D:3)
  Natasha (thrice) (D:3)
  An orc wizard (D:4)
  Terence (D:2)
  A gnoll (D:1)
  3 adders
  2 ufetubi (D:4)
  4 worms
  7 ball pythons
  8 bats
  5 endoplasms
  4 giant cockroaches
  9 goblins
  6 hobgoblins
  10 jackals
  3 quokkas
  3 frilled lizards
  4 kobolds (D:1)
  A quokka skeleton (D:4)
  5 rats
82 creatures vanquished.

Vanquished Creatures (others)
  14 plants (D:3)
14 creatures vanquished.

Grand Total: 96 creatures vanquished

Notes
Turn   | Place    | Note
-------+----------+-------------------------------------------
     0 | D:1      | frimble the Troll Warper began the quest for the Orb.
     0 | D:1      | Reached XP level 1. HP: 19/19 MP: 1/1
    99 | D:1      | Reached skill level 1 in Throwing
    99 | D:1      | Reached XP level 2. HP: 18/28 MP: 3/3
   345 | D:1      | Reached XP level 3. HP: 35/35 MP: 4/4
   717 | D:1      | Found a faded altar of an unknown god.
   869 | D:2      | Found Loogotha's Distillery.
   870 | D:2      | Noticed Terence
   912 | D:2      | HP: 1/30 [Terence (3)]
   929 | D:2      | Killed Terence
   930 | D:2      | Reached XP level 4. HP: 15/40 MP: 5/5
  1101 | D:2      | Bought a potion of degeneration for 13 gold pieces
  1692 | D:3      | Learned a level 2 spell: Blink
  1698 | D:3      | Found a blossoming altar of Fedhas.
  1701 | D:3      | Found a burning altar of Makhleb.
  1721 | D:3      | Found an opulent altar of Gozag.
  1781 | D:3      | Found a basalt altar of Yredelemnul.
  1781 | D:3      | Noticed Natasha
  1801 | D:3      | Killed Natasha
  1834 | D:3      | Found a white marble altar of Elyvilon.
  1837 | D:3      | Found a broken altar of Ashenzari.
  1840 | D:3      | Found a radiant altar of Vehumet.
  2081 | D:3      | Reached XP level 5. HP: 50/50 MP: 6/6
  2151 | D:3      | Noticed Ijyb
  2161 | D:3      | Paralysed by Ijyb for 3 turns
  2177 | D:3      | Paralysed by Ijyb for 7 turns
  2197 | D:3      | Killed Ijyb
  2239 | D:3      | Noticed Natasha
  2272 | D:3      | Killed Natasha
  2321 | D:3      | Noticed Natasha
  2348 | D:3      | Killed Natasha
  2572 | D:4      | Noticed Sigmund
  2848 | D:4      | Killed Sigmund
  2849 | D:4      | Reached XP level 6. HP: 48/61 MP: 7/7
  3102 | D:4      | Slain by an ogre

Illustrated notes

Levels and vault maps discovered:
D:1:      saegor_arrival_simple_a, layout_basic, ebering_ecumenical_altar_ruins
D:2:      layout_loops_ring, serial_shops, nicolae_diamond_shop, uniq_terence
D:3:      layout_rooms, grunt_gozag_breadcrumbs,
          grunt_temple_overflow_cloverleaf, mainiacjoe_overflow_catch_the_wave,
          dk_vineyard_3, uniq_natasha, uniq_ijyb
D:4:      layout_loops_ring, mainiacjoe_overflow_alcove_1,
          chequers_decorated_corner, hangedman_minor_gate_pass, uniq_sigmund

Skill      XL: |  1  2  3  4  5  6 |
---------------+-------------------+-----
Throwing       | 1 2 3 |  3.0
Dodging        | 2 |  2.1
Fighting       | 2 3 |  3.2
Short Blades   | 2 3 |  3.1
Translocations | 3 |  3.3
Spellcasting   | |  1.4

Action                   |  1- 3 |  4- 6 || total
-------------------------+-------+-------++-------
Melee: Short sword       |   130 |    16 ||   146
       Unarmed           |     5 |       ||     5
       Dagger            |     3 |   300 ||   303
Throw: Dart              |       |    20 ||    20
 Cast: Blink             |       |     1 ||     1
Evoke: Wand              |       |     1 ||     1
  Use: Scroll            |     3 |     2 ||     5
       Potion            |       |     1 ||     1
Armor: Robe              |    84 |    79 ||   163
Dodge: Dodged            |   131 |   124 ||   255

Table legend: (Time is in decaauts)
 A = Elapsed time spent in this place.
 B = Non-inter-level travel time spent in this place.
 C = Inter-level travel time spent in this place.
 D = Time resting spent in this place.
 E = Time spent auto-exploring this place.
 F = Levels seen in this place.
 G = Mean time per level.
                   A        B        C        D        E       F      G
               +--------+--------+--------+--------+--------+-----+--------+
         Total |   3070 |   2890 |    180 |      0 |   1898 |   4 |  767.5 |
       Dungeon |   3070 |   2890 |    180 |      0 |   1898 |   4 |  767.5 |
               +--------+--------+--------+--------+--------+-----+--------+

Top non-repeatable levels by time:
     D:2: 869 daAuts
     D:3: 839 daAuts
     D:1: 786 daAuts
     D:4: 575 daAuts
